 Dungeon Crawl Stone Soup version 0.26-a0-778-g3fe0686644 (webtiles) character file.

Game seed: 4397726033647763687

93 somkeydreadnuts the Magician (level 4, -5/24 HPs)
             Began as a Deep Elf Earth Elementalist on Nov 10, 2020.
             Killed from afar by an orc wizard (9 damage)
             ... with a magic dart
             ... on level 2 of the Dungeon.
             The game lasted 00:05:00 (1591 turns).

somkeydreadnuts the Magician (DEEE)                 Turns: 1591, Time: 00:05:01

Health: -5/24      AC:  2    Str:  5    XL:     4   Next: 37%
Magic:  8/14       EV: 13    Int: 21    God:
Gold:   36         SH:  0    Dex: 15    Spells: 11/15 levels left

rFire    . . .     SeeInvis .   a - +0 spear
rCold    . . .     Faith    .   (no shield)
rNeg     . . .     Spirit   .   c - +0 robe
rPois    .         Reflect  .   (no helmet)
rElec    .         Harm     .   (no cloak)
rCorr    .         Rampage  .   (no gloves)
MR       .....                  (no boots)
Stlth    ++........             (no amulet)
HPRegen  0.08/turn              l - ring of flight
MPRegen  0.14/turn              (no ring)

@: very slightly contaminated
A: no striking features
a: Evoke Flight


You were on level 2 of the Dungeon.
You visited 1 branch of the dungeon, and saw 2 of its levels.

You collected 36 gold pieces.

Inventory:

Hand Weapons
 a - a +0 spear (weapon)
Missiles
 b - 38 stones (quivered)
Armour
 c - a +0 robe (worn)
Jewellery
 l - a ring of flight (left hand)
Scrolls
 d - a scroll of remove curse {unknown}
 h - 3 scrolls of identify {unknown}
 i - a scroll of amnesia {unknown}
 k - 3 scrolls of teleportation {unknown}
Potions
 e - a potion of attraction {unknown}
 f - a potion of haste {unknown}
 g - a potion of lignification {unknown}
 j - a potion of heal wounds {unknown}
 m - a potion of might {unknown}


   Skills:
 - Level 2.4 Dodging
 - Level 2.4 Stealth
 + Level 6.3 Spellcasting
   Level 1.1 Transmutations
 - Level 3.2 Earth Magic


You had 11 spell levels left.
You knew the following spells:

 Your Spells              Type           Power        Failure   Level
a - Sandblast             Erth           ###...       2%          1
b - Stone Arrow           Conj/Erth      ##....       14%         3

Your spell library contained the following spells:

 Spells                   Type           Power        Failure   Level
 Passwall                 Tmut/Erth      ###.....     6%          2
 Petrify                  Tmut/Erth      ###.....     36%         4
 Lee's Rapid Deconstruct  Erth           ###.......   56%         5


Dungeon Overview and Level Annotations

Branches:
Dungeon (2/15)

Altars:


Message History

Casting: Sandblast (safe; 2% risk of failure)
Confirm with . or Enter, or press ? or * to list all spells.
Aiming: Sandblast (safe; 2% risk of failure)
Press: ? - help, Shift-Dir - straight line, f/p - orc priest
Aim: an orc priest, wielding a +0 hand axe (severely wounded)
The blast of sand hits the orc priest!
You kill the orc priest!
Your Spellcasting skill increases to level 6!
You have reached level 4!
You feel clever.
b - 38 stones You hear a shout! x2
An orc comes into view. It is wielding a +0 mace.
An orc comes into view.
Casting: Sandblast (safe; 2% risk of failure)
Confirm with . or Enter, or press ? or * to list all spells.
You can't see any susceptible monsters within range! (Use Z to cast anyway.)
A magic dart appears from out of thin air!
The magic dart hits you!
You die...

###########
###...
.oo...){..#
......
.o.######@#
###.#
####.#
....# #
##.##.#
#####
#.##...#.#
##
#.#......#
.##
#........#
#.#####
.#.....##
##....#
##...##
#.###.##..
##.##


You could see an orc.

Vanquished Creatures
  An orc priest (D:2)
  2 adders (D:2)
  2 dart slugs
  3 leopard geckos (D:1)
  2 giant cockroaches
  4 hobgoblins
  3 jackals (D:2)
  A kobold (D:2)
  A quokka (D:2)
  A ball python (D:1)
  7 bats
  2 frilled lizards (D:2)
  7 goblins
  A rat (D:1)
37 creatures vanquished.

Notes
Turn   | Place    | Note
-------+----------+-------------------------------------------
     0 | D:1      | somkeydreadnuts the Deep Elf Earth Elementalist began the
                  | quest for the Orb.
     0 | D:1      | Reached XP level 1. HP: 10/10 MP: 6/6
   184 | D:1      | Reached skill level 4 in Spellcasting
   184 | D:1      | Reached XP level 2. HP: 14/15 MP: 9/9
   553 | D:2      | Reached skill level 5 in Spellcasting
   553 | D:2      | Reached XP level 3. HP: 13/19 MP: 6/11
  1582 | D:2      | Learned a level 3 spell: Stone Arrow
  1589 | D:2      | Reached skill level 6 in Spellcasting
  1589 | D:2      | Reached XP level 4. HP: 3/24 MP: 8/14
  1591 | D:2      | Killed from afar by an orc wizard

Illustrated notes

Levels and vault maps discovered:
D:1:      scummos_arrival_hexagon, layout_rooms, serial_corexii_hall,
          chequers_hall_statues_wall_a, chequers_hall_statues_y
D:2:      layout_loops_ring, marbit_many_paths

Skill      XL: |  1  2  3 |
---------------+----------+-----
Spellcasting   | 4 5 6 |  6.3
Dodging        | |  2.4
Stealth        | |  2.4
Transmutations | |  1.1
Earth Magic    | |  3.2

Action                   |  1- 3 |  4- 6 || total
-------------------------+-------+-------++-------
Melee: Spear             |    62 |       ||    62
 Cast: Sandblast         |    31 |     1 ||    32
 Stab: Sleeping          |     1 |       ||     1
Armor: Robe              |    21 |       ||    21
Dodge: Dodged            |    53 |       ||    53

Table legend: (Time is in decaauts)
 A = Elapsed time spent in this place.
 B = Non-inter-level travel time spent in this place.
 C = Inter-level travel time spent in this place.
 D = Time resting spent in this place.
 E = Time spent auto-exploring this place.
 F = Levels seen in this place.
 G = Mean time per level.
                   A        B        C        D        E       F      G
               +--------+--------+--------+--------+--------+-----+--------+
         Total |   1596 |   1596 |      0 |      0 |   1188 |   2 |  798.0 |
       Dungeon |   1596 |   1596 |      0 |      0 |   1188 |   2 |  798.0 |
               +--------+--------+--------+--------+--------+-----+--------+

Top non-repeatable levels by time:
     D:2: 1075 daAuts
     D:1: 521 daAuts
